 Dungeon Crawl Stone Soup version 0.22.0-6-g71bd7aa6b3 (webtiles) character file.

1612 IceCat the Slasher (level 9, 0/102 HPs)
             Began as a Formicid Fighter on Aug 14, 2018.
             Killed by divine providence
             ... invoked by an orc priest
              (16 damage)
             ... on level 6 of the Dungeon on Aug 15, 2018.
             The game lasted 00:11:29 (4869 turns).

IceCat the Slasher (Formicid Fighter)               Turns: 4869, Time: 00:11:30

Health: 0/102      AC: 24    Str: 24    XL:     9   Next: 16%
Magic:  18/18      EV:  2    Int:  8    God:
Gold:   244        SH: 11    Dex: 10    Spells: 8/8 levels left

rFire    . . .     SeeInvis .   a - +0 long sword
rCold    . . .     Gourm    .   c - +0 shield
rNeg     + + +     Faith    .   (armour currently unavailable)
rPois    +         Spirit   .   (helmet unavailable)
rElec    .         Reflect  .   (cloak currently unavailable)
rCorr    .         Harm     .   (gloves currently unavailable)
MR       .....                  (boots currently unavailable)
Stlth    +.........             (no amulet)
HPRegen  0.27/turn              r - ring of magical power
MPRegen  0.16/turn              s - +2 ring of evasion

@: tree-form
A: permanent stasis, dig shafts and tunnels, four strong arms
a: no special abilities


You were on level 6 of the Dungeon.
You were not hungry.
You were a tree.
You visited 1 branch of the dungeon, and saw 6 of its levels.

You collected 244 gold pieces.

Inventory:

Hand Weapons
 a - a +0 long sword (weapon)
Armour
 b - a +0 scale mail (melded)
 c - a +0 shield (worn)
 i - a +0 pair of boots (melded)
 v - a +0 pair of gloves (melded)
 w - a +1 cloak (melded)
Jewellery
 r - a ring of magical power (left branch)
 s - a +2 ring of evasion (right branch)
 C - a cursed ring of attention {unknown}
Wands
 d - a wand of polymorph (12)
 y - a wand of random effects (41)
Scrolls
 j - 3 scrolls of remove curse {unknown}
 n - a scroll of magic mapping {unknown}
 o - 2 scrolls of fear {unknown}
 q - a scroll of enchant weapon {unknown}
 t - a scroll of noise {unknown}
 u - 3 scrolls of teleportation {unknown}
 x - 4 scrolls of identify {unknown}
 A - a scroll of amnesia {unknown}
Potions
 e - a potion of degeneration {unknown}
 g - 2 potions of brilliance {unknown}
 h - a potion of agility {unknown}
 k - 2 potions of mutation {unknown}
 l - a potion of flight {unknown}
 m - 3 potions of lignification
 p - 3 potions of curing
 z - a potion of magic {unknown}
 B - a potion of heal wounds {unknown}
 D - a potion of invisibility {unknown}
 E - a potion of ambrosia {unknown}
 F - a potion of might
Comestibles
 f - 12 rations
 G - 3 chunks of flesh


   Skills:
 + Level 5.6 Fighting
 + Level 7.6 Long Blades
 + Level 5.3 Armour
 + Level 2.0 Dodging
 - Level 0.2 Stealth
 + Level 7.0 Shields
 + Level 0.2 Unarmed Combat


You had 8 spell levels left.
You didn't know any spells.
Your spell library was empty.

Dungeon Overview and Level Annotations

Branches:
Dungeon (6/15)
 Temple: D:4-7

Altars:
Elyvilon
Fedhas
Hepliaklqana
Makhleb
Qazlal
Ru
Vehumet

Shops:
D:4 *


Innate Abilities, Weirdness & Mutations

You cannot be hasted, slowed, berserked, paralysed or teleported.
You can dig through walls and to a lower floor.
Your four strong arms can wield two-handed weapons with a shield.
((You have a pair of large antennae on your head. (SInv)))


Message History

The orc priest mumbles some strange prayers to Beogh against you.
Beogh smites you!
* * * LOW HITPOINT WARNING * * *
The orc priest hits you but does no damage.
The orc priest looks braver for a moment.
You block the orc priest's attack.
You hit the orc priest.
The orc priest is moderately wounded.
The orc priest hits you but does no damage. x2
You slash the orc priest!
You kill the orc priest!
The orc priest hits you but does no damage.
You barely miss the orc.
The orc priest hits you but does no damage.
The orc hits you but does no damage.
You slash the orc!
You kill the orc!
The orc priest invokes the aid of Beogh against you.
Beogh smites you!
You die...

....####.............
..).# #.......#####
###### ##...##.## #..
..........# { #.#
###..####[##
###.#####..# #..#
..<....##.######.#
##..##.##......#.#
##..##.#######.#♣#
##........#....#o#
##.########.####.o
...# # #.## .### ..#
.# { ..# .# { #.. ##
#.#


You could see an orc priest and an orc.

Vanquished Creatures
  Sigmund (D:4)
  A water moccasin (D:5)
  A sky beast (D:6)
  3 ogres (D:4)
  A centaur (D:6)
  A water moccasin skeleton (D:5)
  2 jellies (D:5)
  A bullfrog skeleton (D:4)
  A bullfrog zombie (D:5)
  4 hounds
  4 orc priests
  4 orc wizards
  Terence (D:3)
  2 worker ants (D:4)
  4 gnolls
  14 adders
  An ooze (D:3)
  2 adder zombies
  4 worms
  2 dart slugs
  2 leopard geckos
  13 orcs
  3 ball pythons
  6 bats
  10 giant cockroaches
  6 goblins
  10 hobgoblins
  5 jackals
  2 quokkas
  A ball python skeleton (D:4)
  7 frilled lizards
  12 kobolds
  A leopard gecko skeleton (D:5)
  10 rats
142 creatures vanquished.

Notes
Turn   | Place    | Note
-------+----------+-------------------------------------------
     0 | D:1      | IceCat the Formicid Fighter began the quest for the Orb.
     0 | D:1      | Reached XP level 1. HP: 18/18 MP: 1/1
   139 | D:1      | Reached XP level 2. HP: 23/24 MP: 2/2
   344 | D:1      | Reached XP level 3. HP: 26/30 MP: 3/3
   650 | D:2      | Found a hazy altar of Hepliaklqana.
   817 | D:2      | Found a white marble altar of Elyvilon.
   865 | D:2      | Reached XP level 4. HP: 37/37 MP: 4/4
  1021 | D:2      | Found a stormy altar of Qazlal.
  1254 | D:2      | Found a burning altar of Makhleb.
  1254 | D:2      | Found a radiant altar of Vehumet.
  1450 | D:3      | Reached XP level 5. HP: 35/42 MP: 5/5
  1611 | D:3      | Noticed Terence
  1623 | D:3      | Killed Terence
  1725 | D:3      | Reached XP level 6. HP: 21/48 MP: 6/6
  2023 | D:3      | Found a blossoming altar of Fedhas.
  2116 | D:3      | Reached skill level 5 in Shields
  2314 | D:4      | Noticed Sigmund
  2536 | D:4      | Killed Sigmund
  2536 | D:4      | Reached XP level 7. HP: 50/55 MP: 7/7
  2806 | D:4      | Reached skill level 1 in Dodging
  3012 | D:4      | Found Qygrone's Serpentskin Sales.
  3018 | D:4      | Reached skill level 5 in Long Blades
  3298 | D:5      | Entered Level 5 of the Dungeon
  3306 | D:4      | Reached XP level 8. HP: 61/61 MP: 8/8
  3558 | D:5      | Reached skill level 5 in Fighting
  4160 | D:5      | Reached skill level 5 in Armour
  4791 | D:6      | Found a sacrificial altar of Ru.
  4824 | D:6      | Reached XP level 9. HP: 56/68 MP: 9/9
  4869 | D:6      | Killed from afar by an orc priest

Skill      XL: |  1  2  3  4  5  6  7  8  9 |
---------------+----------------------------+-----
Shields        | 4 5 6 7 |  7.0
Armour         | 4 5 |  5.3
Fighting       | 4 5 |  5.6
Long Blades    | 3 4 5 7 |  7.6
Dodging        | 1 2 |  2.0
Stealth        | |  0.2
Unarmed Combat | |  0.2

Action                   |  1- 3 |  4- 6 |  7- 9 || total
-------------------------+-------+-------+-------++-------
Melee: Long sword        |    87 |   193 |   289 ||   569
       Unarmed           |       |     5 |       ||     5
 Abil: Dig               |       |     1 |       ||     1
  Use: Potion            |       |     1 |     1 ||     2
  Eat: Chunk             |       |     5 |     9 ||    14
Armor: Scale mail        |    35 |    71 |    90 ||   196
       Skin              |       |       |    15 ||    15
Dodge: Dodged            |    25 |    80 |   101 ||   206
Block: Shield            |    48 |   106 |   143 ||   297
       Rpst.: Long sword |     6 |    19 |    29 ||    54
